 Dungeon Crawl Stone Soup version 0.30.1-9-gdf580d7c3d (webtiles) character file.

Game seed: 13249727762950361876

99795 Ivernyr the Brawler (level 15, -18/139 HPs)
             Began as a Ghoul Fighter on Sept 29, 2023.
             Was an Elder of Wu Jian.
             Demolished by a +2 heavy scimitar (22 damage)
             ... on level 2 of the Elven Halls.
             The game lasted 01:02:20 (20371 turns).

Ivernyr the Brawler (Ghoul Fighter)                Turns: 20371, Time: 01:02:21

Health: -18/139    AC: 21    Str: 28    XL:     15   Next: 88%
Magic:  14/14      EV: 19    Int:  5    God:    Wu Jian [****..]
Gold:   1309       SH:  0    Dex:  8    Spells: 14/14 levels left

rFire   . .          .
                       - Unarmed
rCold   + + .        (no shield)
rNeg    + + +        a - +2 ring mail {rC+}
rPois   ∞            m - +3 crown of Dyrovepreva {rElec Int+2 SInv}
rElec   +            G - +0 cloak
rCorr   .            (no gloves)
SInv    +            C - +2 pair of boots
Will    +....        (no amulet) Stlth
                     g - +5 ring of evasion
HPRegen 0.00/turn    l - +4 ring of protection
MPRegen 0.14/turn

%: no passive effects
@: exhausted, about to teleport, inhibited regen
A: claws 1, cold resistance 1, negative energy resistance 3, inhibited
regeneration, torment resistance 2, devour on kill
}: 1/15 runes: abyssal
a: Renounce Religion, Wall Jump, Serpent's Lash


You were on level 2 of the Elven Halls.
You worshipped Wu Jian.
Wu Jian was greatly pleased with you.
You visited 5 branches of the dungeon, and saw 19 of its levels.
You visited the Abyss 2 times.

You collected 1838 gold pieces.
You spent 529 gold pieces at shops.

Inventory:

Armour
 a - a +2 ring mail of cold resistance (worn)
 m - the +3 crown of Dyrovepreva (worn) {rElec Int+2 SInv}
   (You found it on level 2 of the Dungeon)

   Int:       It affects your intelligence (+2).
   rElec:     It insulates you from electricity.
   SInv:      It lets you see invisible.
 C - a +2 pair of boots (worn)
 G - a +0 cloak (worn)
Jewellery
 g - a +5 ring of evasion (left claw)
 l - a +4 ring of protection (right claw)
 o - a +5 ring of evasion
 R - a ring of flight
Wands
 d - a wand of flame (13)
 w - a wand of light (20)
 B - a wand of charming (12)
 D - a wand of digging (12)
 P - a wand of mindburst (8)
 Q - a wand of polymorph (4)
Scrolls
 e - 2 scrolls of immolation
 f - a scroll of identify
 h - 2 scrolls of teleportation
 j - 5 scrolls of fear {unknown}
 k - 4 scrolls of amnesia {unknown}
 n - 3 scrolls of noise
 v - 2 scrolls of poison
 x - 2 scrolls of magic mapping
 y - 2 scrolls of vulnerability
 A - a scroll of enchant armour
 E - a scroll of enchant weapon
 K - 4 scrolls of blinking
 M - 3 scrolls of silence
 N - a scroll of brand weapon
 O - 6 scrolls of fog {unknown}
Potions
 b - 2 potions of lignification {unknown}
 c - a potion of might
 i - a potion of ambrosia {unknown}
 p - 8 potions of curing
 r - 3 potions of cancellation {unknown}
 s - a potion of berserk rage {unknown}
 t - 2 potions of haste
 u - 4 potions of flight
 z - a potion of magic {unknown}
 F - 2 potions of brilliance {unknown}
 H - 2 potions of degeneration {unknown}
 I - 5 potions of attraction {unknown}
 L - 4 potions of resistance {unknown}


   Skills:
 + Level 14.4 Fighting
 + Level 12.3 Armour
 + Level 10.4 Dodging
 - Level 3.0 Shields
 * Level 19.5 Unarmed Combat


You had 14 spell levels left.
You didn't know any spells.
Your spell library contained the following spells:

 Spells                   Type           Power      Damage    Failure   Level
 Apportation              Tloc           0%         N/A       56%         1
 Freeze                   Ice            0%         1d3       56%         1
 Necrotise                Necr           0%         1d4       56%         1
 Sandblast                Erth           0%         2d4       56%         1
 Slow                     Hex            0%         N/A       56%         1
 Summon Small Mammal      Summ           0%         N/A       56%         1
 Passwall                 Tmut/Erth      0%         N/A       71%         2
 Poisonous Vapours        Pois/Air       0%         N/A       71%         2
 Scorch                   Fire           0%         2d5       71%         2
 Confusing Touch          Hex            0%         N/A       91%         3
 Dazzling Flash           Conj/Hex       0%         N/A       91%         3
 Frozen Ramparts          Ice            0%         1d1       91%         3
 Hailstorm                Conj/Ice       0%         3d3       91%         3
 Inner Flame              Hex/Fire       0%         N/A       91%         3
 Mephitic Cloud           Conj/Pois/Air  0%         N/A       91%         3
 Stone Arrow              Conj/Erth      0%         3d7       91%         3
 Vampiric Draining        Necr           0%         2d6       91%         3
 Volatile Blastmotes      Fire/Tloc      0%         2d10      91%         3
 Flame Wave               Conj/Fire      0%         2d4       100%        4
 Fulminant Prism          Conj/Hex       0%         3d5       100%        4
 Iskenderun's Mystic Bla  Conj/Tloc      0%         2d3       100%        4
 Sticky Flame             Conj/Fire      0%         2d3       100%        4
 Agony                    Necr           0%         N/A       100%        5
 Fireball                 Conj/Fire      0%         3d3       100%        5
 Freezing Cloud           Conj/Ice/Air   0%         6-21      100%        5
 Iskenderun's Battlesphe  Conj           0%         2d6       100%        5
 Lee's Rapid Deconstruct  Erth           0%         3d4*      100%        5
 Silence                  Hex/Air        0%         N/A       100%        5
 Conjure Ball Lightning   Conj/Air       0%         3x3d6     100%        6
 Iron Shot                Conj/Erth      0%         9d1       100%        6
 Orb of Destruction       Conj           0%         9d5       100%        7
 Spellforged Servitor     Conj/Summ      0%         N/A       100%        7
 Fire Storm               Conj/Fire      0%         5d1       100%        9


Dungeon Overview and Level Annotations

Branches:
Dungeon (9/15)             Temple (1/1) D:7            Lair (5/5) D:8
 Shoals (0/4) Lair:3       Spider (0/4) Lair:2        Slime (0/5) Lair:5
    Orc (2/2) D:9             Elf (2/3) Orc:2

Altars:
Ashenzari
Cheibriados
Dithmenos
Fedhas
Gozag
Hepliaklqana
Kikubaaqudgha
Nemelex Xobeh
Okawaru
Qazlal
Ru
Sif Muna
Trog
Uskayaw
Vehumet
Wu Jian
Xom
Yredelemnul
Jiyva
Lugonu

Shops:
D:5 !   Orc:1 *   Orc:2 *!*[

Portals:
Abyss: Lair:5

Annotations:
D:4 1 runed translucent door, Quickbrownfox's ghost, amateur DsCj
Lair:1 2 transporters, Ivernyr's ghost, novice FeMo


Innate Abilities, Weirdness & Mutations

You are immune to poison.
You have sharp fingernails.
Your flesh is cold resistant. (rC+)
You are immune to negative energy. (rN+++)
You do not regenerate when monsters are visible.
You are immune to unholy pain and torment.
You thrive by killing the living.


Message History

The deep elf pyromancer gestures wildly while chanting.
The deep elf pyromancer blinks!
As you read the scroll of teleportation, it crumbles to dust.
You feel strangely unstable.
The deep elf pyromancer casts a spell.
Things that are here:
a +0 short sword; a +0 leather armour; an elf skeleton Your surroundings suddenly seem different.
A deep elf knight, a +2 heavy scimitar and a +3 halberd of venom come into view.
The deep elf knight shouts!
A +2 flail of holy wrath comes into view.
The deep elf knight unwields a +0 short sword.
The deep elf knight wields a +0 shortbow.
The deep elf knight shoots an arrow.
The arrow barely misses you. The +2 heavy scimitar hits you!!
* * * LOW HITPOINT WARNING * * *
You feel better.
The +2 heavy scimitar closely misses you.
The deep elf knight shoots an arrow.
The arrow hits you but does no damage.
As you read the scroll of teleportation, it crumbles to dust.
You feel strangely unstable. The +2 heavy scimitar hits you!!
* * * LOW HITPOINT WARNING * * *
The deep elf knight shoots an arrow.
The arrow hits you!
* * * LOW HITPOINT WARNING * * *
A +1 scimitar of flaming comes into view.
The +3 halberd of venom hits you from afar.
* * * LOW HITPOINT WARNING * * *
Okay, then.
Your muscles tense, ready for explosive movement...
Your supernatural speed expires.
A deep elf knight comes into view. It is wielding a +0 long sword.
The +3 halberd of venom hits you but does no damage.
You spin and attack the +2 flail of holy wrath repeatedly.
You miss the +2 flail of holy wrath.
Your claw misses the +2 flail of holy wrath.
You mangle the +2 flail of holy wrath!!
The +2 flail of holy wrath is almost destroyed.
The +2 flail of holy wrath misses you. The +3 halberd of venom misses you.
The +2 heavy scimitar hits you!!
You die...

###### ##############
.....###.....##(@...##
..e.#...#...°..(...#...#
...#.....#.○..(...#.....
..#.......#......#......
)#..e......#....#.......
#e..ee....(.#..#........
.E...........##.....e...
ee..E........##.........
#..☼........#. #......


You could see a deep elf knight and 4 dancing weapons.

Vanquished Creatures
  A dread lich (Abyss:3)
  A very ugly thing (Abyss:3)
  A deep elf demonologist (Elf:1)
  An ice dragon (Abyss:3)
  A fire dragon (Abyss:3)
  2 hydras (Lair:4)
  4 ogre magi
  Erica (D:8)
  9 two-headed ogres
  7 dancing weapons (Elf:2)
  10 death yaks (Lair:5)
  3 thrashing horrors
  2 deep elf knights
  A fire crab (Lair:3)
  4 skysharks
  4 skeletal warriors (D:9)
  2 deep trolls
  2 deep elf archers (Elf:1)
  Pikel (D:7)
  2 orc knights
  An orc sorcerer (Orc:2)
  11 deep elf pyromancers
  9 deep elf zephyrmancers
  4 ugly things (Lair:5)
  2 cyclopes (Orc:2)
  Maurice (Orc:2)
  A merfolk siren (Lair:3)
  4 elephants (Lair:5)
  3 black mambas
  10 cane toads
  A torpor snail (Lair:2)
  4 rime drakes
  5 komodo dragons
  4 ancient zymes
  3 merfolk (Lair:3)
  9 trolls
  A meliai (Lair:2)
  2 polar bears
  A hornet (D:9)
  Prince Ribbit (D:7)
  2 large abominations
  A raiju (Abyss:3)
  33 blink frogs
  An air elemental (Elf:1)
  13 small abominations
  Sigmund (D:4)
  2 ynoxinuls
  6 fire bats (Abyss:3)
  A wraith (Abyss:3)
  22 yaks
  7 basilisks
  3 wyverns
  Grum (D:8)
  9 chaos spawn
  A basilisk (shapeshifter) (Lair:5)
  A steam dragon (D:9)
  A warg (Orc:1)
  Duvessa (D:7)
  15 orc warriors
  18 water moccasins
  A water moccasin (shapeshifter) (Lair:5)
  6 ice beasts
  A black bear (D:8)
  23 ogres
  11 wolves
  Blork the orc (D:3)
  A kobold brigand (D:8)
  6 bullfrogs
  8 scorpions
  A gnoll sergeant (D:7)
  Dowan (D:7)
  13 killer bees
  4 electric eels (Lair:2)
  3 howler monkeys (D:9)
  A quasit (Abyss:3)
  5 hounds
  12 orc priests
  A gnoll bouda (D:4)
  2 jellies
  8 starcursed masses (Abyss:3)
  Ijyb (D:4)
  An iguana (D:5)
  A sleepcap (D:6)
  14 orc wizards
  6 hell rats (Lair:5)
  7 gnolls
  3 adders
  2 shadow imps
  An ufetubus (Abyss:3)
  A worm (D:3)
  2 dart slugs
  42 orcs
  3 bats
  5 endoplasms
  3 giant cockroaches
  12 goblins
  8 hobgoblins
  4 jackals (D:4)
  11 kobolds
  5 quokkas
  4 ball pythons
  3 frilled lizards
  7 rats
530 creatures vanquished.

Vanquished Creatures (others)
  A small abomination (Abyss:3)
1 creature vanquished.

Grand Total: 531 creatures vanquished

Notes
Turn   | Place    | Note
-------+----------+-------------------------------------------
     0 | D:1      | Ivernyr the Ghoul Fighter began the quest for the Orb.
     0 | D:1      | Reached XP level 1. HP: 19/19 MP: 0/0
   259 | D:1      | Reached XP level 2. HP: 26/26 MP: 1/1
  1117 | D:2      | Identified the +1 trident of Exquisite Death {holy, +Blink}
  1154 | D:2      | Reached XP level 3. HP: 31/31 MP: 2/2
  1220 | D:2      | Found the +3 crown of Dyrovepreva {rElec Int+2 SInv}
  1296 | D:2      | Reached skill level 3 in Unarmed Combat
  1296 | D:2      | Found a shimmering altar of Xom.
  1668 | D:3      | Identified the +3 short sword "Fukko" {drain, rN+ Dex+3
                  | Stlth+}
  1806 | D:3      | Reached XP level 4. HP: 40/40 MP: 3/3
  2333 | D:4      | Noticed Sigmund
  2333 | D:4      | Noticed a scorpion
  2334 | D:4      | Noticed Blork the orc
  2458 | D:4      | Noticed a bullfrog
  2458 | D:4      | Found a runed translucent door.
  2483 | D:4      | Killed a scorpion
  2484 | D:4      | Reached skill level 4 in Unarmed Combat
  2484 | D:4      | Reached XP level 5. HP: 43/46 MP: 4/4
  2506 | D:3      | Killed Blork the orc
  2564 | D:4      | Killed Sigmund
  2565 | D:4      | Reached skill level 5 in Unarmed Combat
  2565 | D:4      | Reached XP level 6. HP: 33/55 MP: 5/5
  2660 | D:4      | Noticed Ijyb
  2676 | D:4      | Killed Ijyb
  2876 | D:4      | Noticed an orc warrior
  2898 | D:4      | Killed an orc warrior
  2899 | D:4      | Reached skill level 5 in Fighting
  2899 | D:4      | Reached XP level 7. HP: 43/61 MP: 6/6
  2902 | D:4      | Reached skill level 6 in Unarmed Combat
  3149 | D:4      | Noticed Quickbrownfox's ghost (amateur DsCj)
  3160 | D:5      | Entered Level 5 of the Dungeon
  3297 | D:5      | Reached XP level 8. HP: 64/70 MP: 7/7
  3345 | D:5      | Reached skill level 7 in Unarmed Combat
  3508 | D:5      | Found an opulent altar of Gozag.
  3555 | D:5      | Found Woteghevu's Distillery.
  3559 | D:5      | Reached skill level 5 in Armour
  3669 | D:5      | Noticed a yak
  3670 | D:5      | Noticed a yak
  3670 | D:5      | Noticed a yak
  3671 | D:5      | Noticed a yak
  3693 | D:5      | Killed a yak
  3699 | D:5      | Killed a yak
  3700 | D:5      | Reached skill level 8 in Unarmed Combat
  3713 | D:5      | Killed a yak
  3719 | D:5      | Killed a yak
  3979 | D:5      | Reached XP level 9. HP: 58/78 MP: 8/8
  4148 | D:5      | Found a shadowy altar of Dithmenos.
  4254 | D:6      | Reached skill level 9 in Unarmed Combat
  5181 | D:7      | Identified the +1 flail "Wodiaxep" {flame, rElec rF++ Str+4
                  | Dex-2}
  5313 | D:7      | Reached skill level 10 in Unarmed Combat
  5528 | D:7      | Noticed Dowan
  5533 | D:7      | Noticed Duvessa
  5534 | D:7      | Killed Dowan
  5545 | D:7      | Killed Duvessa
  5911 | D:7      | Noticed Pikel
  5912 | D:7      | Noticed Prince Ribbit
  5937 | D:7      | Killed Pikel
  5938 | D:7      | Reached skill level 1 in Dodging
  5938 | D:7      | Reached XP level 10. HP: 85/88 MP: 9/9
  5948 | D:7      | Killed Prince Ribbit
  5949 | D:7      | Reached skill level 11 in Unarmed Combat
  6132 | D:7      | Found a staircase to the Ecumenical Temple.
  6144 | Temple   | Entered the Ecumenical Temple
  6346 | D:8      | Noticed Erica
  6370 | D:8      | Killed Erica
  6468 | D:8      | Found a staircase to the Lair.
  6921 | D:8      | Noticed Grum
  6930 | D:8      | Killed Grum
  6931 | D:8      | Reached skill level 12 in Unarmed Combat
  6974 | D:8      | Found an ornate altar of the Wu Jian Council.
  7022 | D:8      | Became a worshipper of the Wu Jian Council
  7324 | D:9      | Reached XP level 11. HP: 97/97 MP: 10/10
  7328 | D:9      | Found an ancient bone altar of Kikubaaqudgha.
  7372 | D:9      | Found a sparkling altar of Nemelex Xobeh.
  7560 | D:9      | Noticed a two-headed ogre
  7578 | D:9      | Killed a two-headed ogre
  7616 | D:9      | Got the Tome of the Sun and Dislocation
  7854 | D:9      | Noticed a skeletal warrior
  7878 | D:9      | Killed a skeletal warrior
  8130 | D:9      | Noticed a skeletal warrior
  8130 | D:9      | Noticed a skeletal warrior
  8145 | D:9      | Killed a skeletal warrior
  8153 | D:9      | Killed a skeletal warrior
  8154 | D:9      | Reached skill level 13 in Unarmed Combat
  8157 | D:9      | Noticed a skeletal warrior
  8385 | D:9      | Killed a skeletal warrior
  8629 | D:9      | Reached skill level 10 in Fighting
  8973 | D:8      | Reached * piety under Wu Jian
  9138 | D:9      | Found a staircase to the Orcish Mines.
  9227 | Lair:1   | Entered Level 1 of the Lair of Beasts
  9227 | Lair:1   | Noticed a skyshark
  9250 | Lair:1   | Killed a skyshark
  9251 | Lair:1   | Reached skill level 5 in Dodging
  9470 | Lair:1   | Found a transporter.
  9472 | Lair:1   | Found a transporter.
  9517 | Lair:1   | Noticed a spriggan berserker
  9517 | Lair:1   | Noticed Ivernyr's ghost (novice FeMo)
  9518 | Lair:1   | Noticed a spriggan rider
  9521 | Lair:1   | Noticed a moth of wrath
  9530 | Lair:1   | Found a bloodstained altar of Trog.
 10096 | Lair:2   | Reached XP level 12. HP: 89/107 MP: 11/11
 10101 | Lair:2   | Reached skill level 14 in Unarmed Combat
 10282 | Lair:2   | Reached ** piety under Wu Jian
 10855 | Lair:2   | Found a hole to the Spider Nest.
 10970 | Lair:2   | Identified the +1 dagger "Goty" {drain, rPois Dex+5}
 11473 | Lair:3   | Reached skill level 15 in Unarmed Combat
 11595 | Lair:3   | Found a staircase to the Shoals.
 12418 | Lair:4   | Reached XP level 13. HP: 76/116 MP: 12/12
 12777 | Lair:4   | Identified the +0 helmet "Ceexzotu" {+Inv}
 13163 | Lair:4   | Reached *** piety under Wu Jian
 13164 | Lair:4   | Reached skill level 10 in Armour
 13647 | Lair:5   | Entered Level 5 of the Lair of Beasts
 13676 | Lair:5   | Reached skill level 16 in Unarmed Combat
 13705 | Lair:5   | Identified the +0 ring mail "Earthly Heaven" {Str-4 Int+6}
 13889 | Lair:5   | Found a staircase to the Slime Pits.
 13889 | Lair:5   | Found a viscous altar of Jiyva.
 13960 | Lair:5   | Identified the +5 war axe of Dyjesmik {flame, *Rage +Blink
                  | rElec SInv}
 14391 | Lair:5   | Reached XP level 14. HP: 127/127 MP: 13/13
 14401 | Lair:5   | Reached **** piety under Wu Jian
 14402 | Lair:5   | Reached skill level 17 in Unarmed Combat
 15390 | Lair:5   | Found a corrupted altar of Lugonu.
 15390 | Lair:5   | Found a one-way gate to the infinite horrors of the Abyss.
 15788 | Orc:1    | Entered Level 1 of the Orcish Mines
 15876 | Orc:2    | Entered Level 2 of the Orcish Mines
 16344 | Orc:1    | Reached skill level 18 in Unarmed Combat
 16432 | Orc:2    | Found Ras Moawn's General Store.
 16436 | Orc:2    | Reached ***** piety under Wu Jian
 16557 | Orc:2    | Paralysed by an orc sorcerer for 5 turns
 16614 | Orc:2    | Found Hoalliunt's Assorted Antiques.
 16618 | Orc:2    | Found Yfuaxk Dehok's Armour Shop.
 16627 | Orc:2    | Found Kiosch's Distillery.
 16636 | Orc:2    | Bought a potion of haste for 180 gold pieces
 16636 | Orc:2    | Bought a potion of might for 72 gold pieces
 16636 | Orc:2    | Bought a potion of haste for 180 gold pieces
 16758 | Orc:2    | Found a staircase to the Elven Halls.
 16790 | Orc:2    | Noticed Maurice
 16799 | Orc:2    | Killed Maurice
 16958 | Elf:1    | Entered Level 1 of the Elven Halls
 16964 | Elf:1    | Reached XP level 15. HP: 136/136 MP: 14/14
 17007 | Elf:1    | Paralysed by an air elemental for 1 turns
 17780 | Abyss:3  | Cast into level 3 of the Abyss (a deep elf demonologist)
 18014 | Abyss:3  | Noticed a daeva
 18053 | Abyss:3  | Reached skill level 19 in Unarmed Combat
 18151 | Abyss:3  | Paralysed by you for 5 turns
 18204 | Abyss:3  | Noticed a dread lich
 18206 | Abyss:3  | Noticed a Tzitzimitl
 18213 | Abyss:3  | Noticed a lich
 18215 | Abyss:3  | Noticed a lich
 18217 | Abyss:3  | Killed a dread lich
 18218 | Abyss:3  | Reached skill level 10 in Dodging
 18218 | Abyss:3  | Got an abyssal rune of Zot
 18218 | Abyss:3  | Noticed a lich
 18218 | Abyss:3  | Paralysed by accursed screaming for 1 turns
 18221 | Elf:1    | Escaped the Abyss
 18486 | Elf:1    | Noticed a Hell Sentinel
 18696 | Elf:1    | Noticed a Hell Sentinel
 18696 | Abyss:3  | Cast into level 3 of the Abyss (a deep elf demonologist)
 18713 | Elf:1    | Escaped the Abyss
 18714 | Elf:1    | Noticed an Ice Fiend
 19219 | Orc:1    | Found Wulateil's General Store.
 19241 | Orc:1    | Bought a scroll of blinking for 97 gold pieces
 19839 | Elf:1    | Identified the +10 long sword "Pendulum" {distort, +Blink
                  | rPois Str+2}
 20368 | Elf:2    | HP: 4/139 [+3 halberd of venom (4)]
 20371 | Elf:2    | Demolished by a +2 heavy scimitar

Illustrated notes

Levels and vault maps discovered:
D:1:      mrwooster_arrival_statue, layout_basic, chequers_serial_rivers_large_b
D:2:      layout_loops_ring, basic_altar
D:3:      layout_basic, minmay_increasing_density
D:4:      layout_rooms, ebering_ghost_sewer_d, uniq_blork_the_orc, uniq_sigmund,
          uniq_ijyb
D:5:      layout_loops_cross, nicolae_gozag_cash_rules_everything_around_me,
          lemuel_round_altar, serial_shops, nicolae_shop_rolling_square,
          kennysheep_dice
D:6:      layout_loops_ring, minmay_misc_feat_pillars, st_stairs_8,
          minmay_misc_feat_roman, minmay_misc_feat_square,
          minmay_misc_feat_tiny, minivault_19, small_statue_intersection
D:7:      layout_gridville, temple_green, uniq_pikel, uniq_prince_ribbit1,
          uniq_duvessa
D:8:      layout_basic, pdpol_wu_jian_five_deadly_venoms,
          hellmonk_lair_entry_icy, uniq_grum, uniq_erica
D:9:      layout_loops_cross, mainiacjoe_overflow_concentric_impassable,
          nemelex_xobeh_ov_fountains_minmay, david_orc_4,
          minmay_fractal_squares_gapless_5
Temple:   nicolae_temple_superstar
Lair:1:   layout_chaotic_city, gammafunk_ghost_wrathful_warriors,
          serial_bayou_pond_d
Lair:2:   layout_misc_corridors, hellmonk_spider_entry_not_the_bees,
          serial_bayou, serial_bayou_shore_b, serial_bayou_crossing,
          serial_bayou_lagoon_a, serial_bayou_pond_e, serial_bayou_shore_a
Lair:3:   layout_gridlike, elwin_shoals_entry_stream, small_statue_intersection
Lair:4:   layout_loops_ring, wad_woods_road_05, serial_bayou_shore_b
Lair:5:   hellmonk_lair_end_abyssal_woods, layout_cave_pods, slime_entry_1
Orc:1:    layout_diamond_mine, serial_shops, nicolae_shop_tiny_glass
Orc:2:    st_orc_open, layout_caves, uniq_maurice
Elf:1:    eino_elf_arrival_sip, layout_rooms, minmay_elf_crystal_hexagon,
          moated_statue
Elf:2:    nicolae_elf_blades_splatter_lattice [nicolae_blade_entry_antechamber],
          layout_geoelf_diagonals, serial_shops, shop, minmay_shop_grove

Skill      XL: |  1  2  3  4  5  6  7  8  9 10 11 12 13 14 15 |
---------------+----------------------------------------------+-----
Armour         | 3 4 5 6 7 8 9 10 11 12 | 12.3
Shields        | 3 |  3.0
Unarmed Combat | 3 4 5 6 8 10 12 13 15 16 18 19 | 19.5
Fighting       | 4 5 6 8 9 10 11 12 13 14 | 14.4
Dodging        | 1 3 5 6 8 9 10 | 10.4

Action                     |  1- 3 |  4- 6 |  7- 9 | 10-12 | 13-15 || total
---------------------------+-------+-------+-------+-------+-------++-------
  Melee: Unarmed           |   118 |   138 |   290 |   693 |  1047 ||  2286
         Punch             |       |       |    13 |    40 |    86 ||   139
 Invoke: Serpent's Lash    |       |       |       |       |    13 ||    13
         Heavenly Storm    |       |       |       |       |     1 ||     1
Ability: Lunge             |       |       |       |    42 |    77 ||   119
         Whirlwind         |       |       |       |   116 |   331 ||   447
         Wall Jump         |       |       |       |       |     4 ||     4
    Use: Potion            |       |       |       |     2 |     9 ||    11
         Scroll            |       |       |       |    11 |    10 ||    21
 Armour: Scale mail        |    39 |    41 |   120 |   264 |       ||   464
         Ring mail         |       |       |       |     9 |   273 ||   282
  Dodge: Dodged            |    65 |    65 |   172 |   440 |   592 ||  1334
  Block: Buckler           |    22 |     9 |       |       |       ||    31
